 Dungeon Crawl Stone Soup version 0.26-a0-394-g0b5ff556b1 (webtiles) character file.

Game seed: 7983324068736967108

112 Gurkenglas the Charlatan (level 5, -1/29 HPs)
             Began as a Kobold Artificer on July 23, 2020.
             Slain by an orc
             ... wielding a +0 club
              (4 damage)
             ... on level 4 of the Dungeon.
             The game lasted 00:27:43 (3357 turns).

Gurkenglas the Charlatan (Kobold Artificer)         Turns: 3357, Time: 00:27:44

Health: -1/29      AC:  3    Str: 15    XL:     5   Next: 16%
Magic:  5/5        EV: 16    Int: 12    God:
Gold:   128        SH:  0    Dex: 17    Spells: 4/4 levels left

rFire    . . .     SeeInvis .   a - +0 club (spect)
rCold    . . .     Faith    .   (shield restricted)
rNeg     . . .     Spirit   .   b - +0 leather armour
rPois    .         Reflect  .   (no helmet)
rElec    .         Harm     .   (no cloak)
rCorr    .                      (no gloves)
MR       .....                  (no boots)
Stlth    ++........             (no amulet)
HPRegen  0.09/turn              g - +6 ring of strength
MPRegen  0.09/turn              (no ring)

@: about to teleport
A: small
a: no special abilities


You were on level 4 of the Dungeon.
You visited 1 branch of the dungeon, and saw 4 of its levels.

You collected 128 gold pieces.

Inventory:

Hand Weapons
 a - a +0 spectral club (weapon)
Missiles
 f - 33 bolts
 m - 38 poisoned darts (quivered)
Armour
 b - a +0 leather armour (worn)
Jewellery
 g - a +6 ring of strength (left hand)
 q - a cursed -4 ring of evasion {unknown}
 v - an uncursed ring of ice {unknown}
Wands
 c - a wand of flame (6)
 d - a wand of enslavement (12)
 e - a wand of random effects (14)
Scrolls
 h - 4 scrolls of teleportation
 n - a scroll of enchant armour {unknown}
 r - 2 scrolls of remove curse {unknown}
 t - a scroll of immolation {unknown}
Potions
 i - 3 potions of mutation
 j - a potion of ambrosia {unknown}
 l - a potion of curing {unknown}
 o - a potion of might {unknown}
 p - 2 potions of degeneration {unknown}
 s - a potion of brilliance {unknown}
 u - a potion of stabbing {unknown}


   Skills:
 + Level 1.5 Fighting
 + Level 1.4 Maces & Flails
 + Level 1.4 Armour
 + Level 3.3 Dodging
 + Level 3.2 Stealth
 + Level 4.4 Evocations


You had 4 spell levels left.
You didn't know any spells.
Your spell library was empty.

Dungeon Overview and Level Annotations

Branches:
Dungeon (4/15)
 Temple: D:4-7

Altars:
Nemelex Xobeh
Qazlal
The Shining One


Message History

Beogh smites you!
* * * LOW HITPOINT WARNING * * *
You hear a screech!
Okay, then.
As you read the scroll of teleportation, it crumbles to dust.
You feel strangely unstable.
You hear a shout! x2
The adder barely misses your spectral weapon.
The orc closely misses you.
The orc priest calls upon Beogh to heal the orc.
The orc's wounds heal themselves!
As you read the scroll of fog, it crumbles to dust.
The scroll dissolves into smoke.
The adder bites your spectral weapon.
Your spectral weapon shares its damage with you!
* * * LOW HITPOINT WARNING * * *
The orc priest hits your spectral weapon with a cursed -3 flail.
Your spectral weapon shares its damage with you!
* * * LOW HITPOINT WARNING * * *
The orc hits you with a +0 club.
You die...

. .... .. .. ... #..
... ##. ..##...
....#.. ......
##..#..##....#
....<.§§So...## .##
......)§(or...##..# #♣
......§§@##....$.. ...
⌠.⌠...§§§##......##.#
_....#§§##......#..#
⌠.⌠..##..#..........##
.... #...#............
... #.....#........#
.... ##...........###
?....##..........(##
.........).........#


You could see an orc priest, an adder, an orc, a quokka and a friendly +0
spectral club (summoned).

Vanquished Creatures
  A howler monkey skeleton (D:4)
  2 adders
  An adder skeleton (D:4)
  A worm (D:3)
  2 dart slugs
  4 leopard geckos
  An orc (D:3)
  4 giant cockroaches
  5 goblins
  9 hobgoblins
  A quokka (D:2)
  6 bats
  5 frilled lizards
  8 kobolds
  4 rats
54 creatures vanquished.

Vanquished Creatures (collateral kills)
  An adder (D:4)
  An ooze (D:4)
  An orc (D:4)
3 creatures vanquished.

Vanquished Creatures (others)
  An orc wizard (D:4)
1 creature vanquished.

Grand Total: 58 creatures vanquished

Notes
Turn   | Place    | Note
-------+----------+-------------------------------------------
     0 | D:1      | Gurkenglas the Kobold Artificer began the quest for the
                  | Orb.
     0 | D:1      | Reached XP level 1. HP: 12/12 MP: 1/1
   107 | D:1      | Reached XP level 2. HP: 16/16 MP: 2/2
   153 | D:1      | Reached skill level 4 in Evocations
  1281 | D:2      | Reached XP level 3. HP: 18/20 MP: 3/3
  1379 | D:2      | Reached skill level 1 in Armour
  1560 | D:2      | Found a glowing golden altar of the Shining One.
  2070 | D:2      | Reached XP level 4. HP: 25/25 MP: 4/4
  2122 | D:2      | Reached skill level 1 in Maces & Flails
  2171 | D:2      | Found a faded altar of an unknown god.
  2344 | D:3      | Found a stormy altar of Qazlal.
  3221 | D:4      | Reached XP level 5. HP: 27/29 MP: 5/5
  3349 | D:4      | Found a sparkling altar of Nemelex Xobeh.
  3357 | D:4      | Slain by an orc

Illustrated notes

Levels and vault maps discovered:
D:1:      wander_arrival_chamber, layout_loops_ring
D:2:      layout_loops_cross, lemuel_doored_altar,
          chequers_ecumenical_altar_grove
D:3:      layout_basic, nicolae_qazlal_eye_of_the_storm
D:4:      layout_cave_pools, nemelex_xobeh_ov_fountains_minmay,
          lemuel_round_altar, lemuel_crystal_altar, lemuel_temple_firewalk_b,
          minmay_tree_intersection, minmay_manual_maat, uniq_grinder

Skill      XL: |  1  2  3  4 |
---------------+-------------+-----
Evocations     | 4 |  4.4
Armour         | 1 |  1.4
Stealth        | 2 3 |  3.2
Dodging        | 3 |  3.3
Maces & Flails | 1 |  1.4
Fighting       | |  1.5

Action                   |  1- 3 |  4- 6 || total
-------------------------+-------+-------++-------
Melee: Club              |   120 |    81 ||   201
Evoke: Wand              |     7 |     6 ||    13
  Use: Scroll            |     4 |     3 ||     7
 Stab: Sleeping          |     6 |     5 ||    11
       Distracted        |       |     1 ||     1
Armor: Leather armour    |    23 |    12 ||    35
Dodge: Dodged            |   102 |    67 ||   169

Table legend: (Time is in decaauts)
 A = Elapsed time spent in this place.
 B = Non-inter-level travel time spent in this place.
 C = Inter-level travel time spent in this place.
 D = Time resting spent in this place.
 E = Time spent auto-exploring this place.
 F = Levels seen in this place.
 G = Mean time per level.
                   A        B        C        D        E       F      G
               +--------+--------+--------+--------+--------+-----+--------+
         Total |   3408 |   3342 |     66 |      0 |   2571 |   4 |  852.0 |
       Dungeon |   3408 |   3342 |     66 |      0 |   2571 |   4 |  852.0 |
               +--------+--------+--------+--------+--------+-----+--------+

Top non-repeatable levels by time:
     D:1: 1295 daAuts
     D:2: 1010 daAuts
     D:3: 912 daAuts
     D:4: 190 daAuts
